AoeStats
← Dragon

Arena

508291394Analyzed
3v3 RM · 11d ago on Sep 21, 2026· 50m 46s· 6 players
Game mode
Random Map
Map size
Normal (6 player)
Population
200
Speed
Normal
Resources
Standard
Victory
Conquest
Starting age
Dark Age
Ending age
Imperial Age
RankedLock teamsTeams togetherTeam positionsShared explorationLock speedFull tech treeHidden civsTurbo modeCheats
Victory
Defeat
🇳🇴 Slavs · Norway
1380
+13
🇩🇪 Malay · Germany
1296
+17
🇩🇪 Lithuanians · Germany
1269
+18
🇫🇷 Maya · France
1449
-21
🇫🇷 Britons · France
1263
-14
🇫🇷 Celts · France
1243
-13
JiKa
0:27 Loom
10:31 Feudal Age
14:43 Castle Age
12:47 Horse Collar
13:06 Double-Bit Axe
17:48 Bow Saw
19:27 Wheelbarrow
20:20 Gold Mining
21:58 Hand Cart
22:18 Town Watch
27:30 Imperial Age
25:03 Heavy Plow
26:24 Fortified Wall
26:57 Fletching
26:42 Crossbowman
27:42 Bodkin Arrow
28:12 Masonry
30:34 Bracer
31:30 Ballistics
38:37 Stone Mining
39:45 Arbalester
41:13 Thumb Ring
42:10 Chemistry
42:52 Padded Archer Armor
44:29 Architecture
44:05 Scale Mail Armor
44:17 Forging
43:32 Pikeman
45:07 Chain Mail Armor
44:18 Halberdier
44:59 Squires
45:25 Conscription
47:18 Two-Man Saw
47:32 Plate Mail Armor
47:37 Iron Casting
48:04 Murder Holes
49:28 Leather Archer Armor
49:14 Treadmill Crane
ya3
9:15 Loom
11:02 Feudal Age
15:25 Castle Age
15:29 Double-Bit Axe
15:48 Horse Collar
18:28 Bow Saw
18:05 Horse Collar
23:16 Wheelbarrow
22:44 Heavy Plow
24:39 Man-at-Arms
25:36 Long Swordsman
25:54 Pikeman
28:27 Gambesons
32:08 Arson
32:47 Scale Mail Armor
32:58 Forging
45:24 Gambesons
yalaric
8:45 Loom
11:03 Feudal Age
15:25 Castle Age
20:48 Fletching
22:40 Bodkin Arrow
34:13 Double-Bit Axe
37:57 Horse Collar
38:30 Bow Saw
38:59 Wheelbarrow
38:10 Town Watch
41:02 Hand Cart
40:49 Heavy Plow
41:47 Ballistics
44:19 Imperial Age
41:47 Gold Mining
43:10 Yeomen
46:23 Fortified Wall
47:54 Crossbowman
48:40 Arbalester
49:45 Bracer
49:45 Padded Archer Armor
Dragon
7:23 Loom
11:14 Feudal Age
11:44 Double-Bit Axe
16:08 Castle Age
15:24 Horse Collar
15:30 Double-Bit Axe
17:46 Forging
19:10 Bow Saw
21:04 Iron Casting
31:45 Imperial Age
30:33 Capped Ram
32:38 Conscription
33:06 Wheelbarrow
33:38 Elite Karambit Warrior
39:00 Man-at-Arms
39:41 Squires
39:53 Forced Levy
40:57 Blast Furnace
39:48 Fletching
40:00 Long Swordsman
40:26 Arson
41:03 Scale Barding Armor
41:12 Gold Mining
42:37 Husbandry
41:58 Elite Battle Elephant
46:28 Light Cavalry
47:27 Fletching
47:15 Sappers
47:09 Pikeman
48:46 Heavy Plow
49:56 Two-Handed Swordsman
ManWithScarf
10:17 Feudal Age
11:55 Loom
14:27 Castle Age
12:56 Double-Bit Axe
13:12 Horse Collar
22:07 Bow Saw
25:04 Wheelbarrow
24:14 Town Watch
24:53 Husbandry
27:01 Scale Barding Armor
28:46 Forging
31:57 Imperial Age
29:56 Chain Barding Armor
33:20 Plate Barding Armor
33:21 Iron Casting
33:46 Bloodlines
35:40 Fletching
37:53 Druzhina
38:17 Light Cavalry
39:59 Conscription
39:04 Elite Boyar
39:55 Hussar
40:39 Gold Mining
44:12 Blast Furnace
44:13 Hand Cart
45:25 Heavy Plow
45:46 Cavalier
47:28 Bodkin Arrow
47:35 Padded Archer Armor
47:49 Detinets
47:40 Heavy Scorpion
50:41 Chemistry
50:01 Ballistics
ChrisHenry
9:41 Feudal Age
14:13 Castle Age
12:30 Double-Bit Axe
15:13 Husbandry
16:13 Forging
18:01 Gold Mining
20:05 Loom
31:16 Bow Saw
35:07 Wheelbarrow
35:46 Stone Mining
41:30 Imperial Age
41:22 Hand Cart
42:18 Bloodlines
41:40 Capped Ram
43:16 Cavalier
45:35 Conscription
Connection lost

Rejoining the realm…

Still unreachable

The connection could not be restored.

Session expired

The server has moved on; the page needs a fresh start.